 Dungeon Crawl Stone Soup version 0.30-a0-347-gf58ed5266c (webtiles) character file.

Game seed: 1865671552795419

79 p00ps00p the Trooper (level 4, -1/41 HPs)
             Began as a Hill Orc Fighter on Nov 7, 2022.
             Killed from afar by Natasha (7 damage)
             ... with a magic dart
             ... on level 2 of the Dungeon.
             The game lasted 00:01:47 (1347 turns).

p00ps00p the Trooper (Hill Orc Fighter)             Turns: 1347, Time: 00:01:48

Health: -1/41      AC:  7    Str: 20    XL:     4   Next: 37%
Magic:  4/4        EV:  9    Int:  8    God:
Gold:   18         SH:  4    Dex: 10    Spells: 3/3 levels left

rFire   . . .      SeeInvis .    a - +0 war axe
rCold   . . .      Faith    .    c - +0 buckler
rNeg    . . .      Spirit   .    b - +0 scale mail
rPois   +          Reflect  .    (no helmet)
rElec   .          Harm     .    (no cloak)
rCorr   .          Rampage  .    (no gloves)
Will    .....                    (no boots)
Stlth   ..........               (no amulet)
HPRegen 0.26/turn                h - ring of poison resistance
MPRegen 0.09/turn                (no ring)

@: no status effects
A: no striking features
a: no special abilities


You were on level 2 of the Dungeon.
You visited 1 branch of the dungeon, and saw 2 of its levels.

You collected 18 gold pieces.

Inventory:

Hand Weapons
 a - a +0 war axe (weapon)
Armour
 b - a +0 scale mail (worn)
 c - a +0 buckler (worn)
Jewellery
 h - a ring of poison resistance (left hand)
Potions
 d - a potion of might
 e - a potion of heal wounds
 j - a potion of brilliance {unknown}
 k - a potion of flight {unknown}


   Skills:
 + Level 4.3 Fighting
 + Level 3.7 Axes
 + Level 4.0 Armour
 + Level 4.0 Shields


You had 3 spell levels left.
You didn't know any spells.
Your spell library was empty.

Dungeon Overview and Level Annotations

Branches:
Dungeon (2/15)

Altars:

Annotations:
D:2 Natasha


Message History

Your Armour skill increases to level 4!
Your Shields skill increases to level 4!
Natasha claws you.
You see here an adder corpse.
Natasha claws you. Natasha claws you.
You closely miss Natasha. You block Natasha's attack.
You hit Natasha but do no damage. Natasha claws you but does no damage.
Natasha mumbles some strange words.
You slash Natasha!
Natasha is heavily wounded.
Natasha closely misses you.
You barely miss Natasha.
Natasha is heavily wounded.
You hit the crimson imp. Natasha barely misses you.
The crimson imp hits you but does no damage.
You slash Natasha!
Natasha is almost dead.
You closely miss the crimson imp. Natasha claws you but does no damage.
The crimson imp hits you but does no damage.
Natasha claws you!
* * * LOW HITPOINT WARNING * * *
The crimson imp hits you.
* * * LOW HITPOINT WARNING * * *
You barely miss Natasha.
Natasha is almost dead.
You hit the crimson imp but do no damage.
Natasha claws you but does no damage. The crimson imp closely misses you.
You miss Natasha.
Natasha is almost dead.
You closely miss the crimson imp. Natasha claws you.
* * * LOW HITPOINT WARNING * * *
The crimson imp closely misses you.
You barely miss Natasha.
Natasha is almost dead.
You closely miss the crimson imp. Natasha claws you but does no damage.
You block the crimson imp's attack.
Natasha stares at you and mumbles some strange words.
The magic dart hits you!
You die...

.. #...... ..
...... #.##....
#..#...###
###.....$. ####.
.....#
....###..#
#.......@######
...#.##5h.......
###
###...)#####...
#.. #....### #..
.....##.####.#
#....
...###.......#
###.. ..
#...###### #.. .
#.#.# #..
######...# ...


You could see Natasha and a crimson imp (summoned).

Vanquished Creatures
  Natasha (D:2)
  A gnoll (D:1)
  An adder (D:2)
  A worm (D:2)
  An endoplasm (D:2)
  2 giant cockroaches (D:1)
  6 goblins
  2 hobgoblins (D:1)
  4 kobolds
  5 ball pythons
  4 bats (D:1)
  3 rats (D:1)
31 creatures vanquished.

Notes
Turn   | Place    | Note
-------+----------+-------------------------------------------
     0 | D:1      | p00ps00p the Hill Orc Fighter began the quest for the Orb.
     0 | D:1      | Reached XP level 1. HP: 19/19 MP: 1/1
    53 | D:1      | Found a faded altar of an unknown god.
   192 | D:1      | Reached XP level 2. HP: 26/27 MP: 2/2
   534 | D:1      | Reached XP level 3. HP: 33/33 MP: 3/3
  1103 | D:2      | Noticed Natasha
  1110 | D:2      | Killed Natasha
  1111 | D:2      | Reached XP level 4. HP: 21/40 MP: 4/4
  1327 | D:2      | Noticed Natasha
  1347 | D:2      | Killed from afar by Natasha

Illustrated notes

Levels and vault maps discovered:
D:1:      dpeg_arrival_short_road, layout_loops_ring,
          ebering_ecumenical_altar_mist
D:2:      layout_rooms, basic_altar, nrook_campfire,
          chequers_serial_rivers_room_b, uniq_natasha

Skill      XL: |  1  2  3  4 |
---------------+-------------+-----
Axes           | 3 |  3.7
Fighting       | 4 |  4.3
Armour         | 4 |  4.0
Shields        | 4 |  4.0

Action                   |  1- 3 |  4- 6 || total
-------------------------+-------+-------++-------
Melee: War axe           |    61 |    30 ||    91
  Use: Scroll            |     3 |       ||     3
Armor: Scale mail        |    32 |    15 ||    47
Dodge: Dodged            |    42 |    12 ||    54
Block: Buckler           |    20 |    13 ||    33

Table legend: (Time is in decaauts)
 A = Elapsed time spent in this place.
 B = Non-inter-level travel time spent in this place.
 C = Inter-level travel time spent in this place.
 D = Time resting spent in this place.
 E = Time spent auto-exploring this place.
 F = Levels seen in this place.
 G = Mean time per level.
                   A        B        C        D        E       F      G
               +--------+--------+--------+--------+--------+-----+--------+
         Total |   1385 |   1366 |     19 |    389 |    701 |   2 |  692.5 |
       Dungeon |   1385 |   1366 |     19 |    389 |    701 |   2 |  692.5 |
               +--------+--------+--------+--------+--------+-----+--------+

Top non-repeatable levels by time:
     D:1: 1119 daAuts
     D:2: 265 daAuts
